 Dungeon Crawl Stone Soup version 0.18-a0-94-ga8e041d (webtiles) character file.

21 Proton the Shield-Bearer (level 2, -1/27 HPs)
             Began as a Deep Dwarf Fighter on Nov 14, 2015.
             Slain by a goblin (2 damage)
             ... led by Robin
             ... on level 2 of the Dungeon.
             The game lasted 00:01:02 (472 turns).

Proton the Shield-Bearer (Deep Dwarf Fighter)        Turns: 472, Time: 00:01:02

Health: -1/27      AC:  6    Str: 19    XL:     2   Next: 65%
Magic:  2/2        EV:  7    Int:  8    God:
Gold:   32         SH:  9    Dex: 12    Spells: 0 memorised, 1 level left

rFire  . . .     SeeInvis .     a - +0 war axe
rCold  . . .     Clarity  .     b - +0 scale mail
rNeg   . . .     SustAt   .     c - +0 shield
rPois  .         Gourm    .     (no helmet)
rElec  .         Spirit   .     (no cloak)
rCorr  .         Warding  .     (no gloves)
rMut   .         Stasis   .     (no boots)
MR     .....                    (no amulet)
Stlth  ..........               (no ring)
                                (no ring)

@: non-regenerating, not resistant to hostile enchantments, extremely unstealthy
A: damage resistance, recharge devices, sense surroundings 1, slow regeneration
3
a: Device Recharging


You were on level 2 of the Dungeon.
You were not hungry.

You visited 1 branch of the dungeon, and saw 2 of its levels.

You collected 32 gold pieces.

Inventory:

Hand Weapons
 a - a +0 war axe (weapon)
Armour
 b - a +0 scale mail (worn)
 c - a +0 shield (worn)
Wands
 e - a wand of heal wounds (5)
Scrolls
 h - a scroll of enchant armour {unknown}
 k - a scroll of identify {unknown}
Potions
 d - a potion of might
 i - a potion of curing {unknown}
 j - a potion of heal wounds {unknown}
Comestibles
 f - a bread ration
 g - a meat ration


   Skills:
 + Level 2.9 Fighting
 + Level 2.4 Axes
 + Level 3.4 Armour
 + Level 1.3 Dodging
 + Level 3.5 Shields


You had one spell level left.
You didn't know any spells.

Dungeon Overview and Level Annotations

Branches:
Dungeon (2/15)

Altars:

Annotations:
D:2 Robin


Innate Abilities, Weirdness & Mutations

You are resistant to damage.
You can recharge devices by infusing magical energy.
You passively map a small area around you.
You do not regenerate naturally.


Message History

The hobgoblin hits you but does no damage.
The goblin closely misses you. The goblin completely misses you.
You block the goblin's attack. The goblin barely misses you.
The hobgoblin hits you. You block the goblin's attack. The goblin hits you.
The hobgoblin hits you but does no damage.
You block the goblin's attack. The goblin hits you.
You block the goblin's attack.
The hobgoblin hits you but does no damage.
The goblin hits you but does no damage. x2
You block the goblin's attack.
The hobgoblin hits you but does no damage.
The goblin hits you. The goblin hits you but does no damage.
The goblin hits you but does no damage.
The hobgoblin hits you but does no damage.
You block the goblin's attack. The goblin barely misses you.
The hobgoblin barely misses you. The goblin hits you but does no damage.
You block the goblin's attack. You block the goblin's attack.
The goblin hits you. The hobgoblin barely misses you. The goblin hits you.
You die...

............#
*#.##.#.##.†###
#.........<..#
####.#...###.###
,...............#
* #.....#..##.#.#
#.............# *
.#..#.ggg.#.####
,
......g@gg.....#
,
##..#.ggg##.##.#
......ggg...# #
..#..#.......g. ,
* ,
....#.......### ,
.... ..#.....# ,
..# ..####...# *
, ..+ ..* .... ,
*


You could see Robin, 3 hobgoblins and 8 goblins.

Vanquished Creatures
  A gnoll (D:1)
  2 giant cockroaches (D:1)
  3 bats (D:1)
  3 giant newts
  2 goblins
  2 rats (D:1)
13 creatures vanquished.

Notes
Turn   | Place    | Note
--------------------------------------------------------------
     0 | D:1      | Proton the Deep Dwarf Fighter began the quest for the Orb.
     0 | D:1      | Reached XP level 1. HP: 20/20 MP: 1/1
   243 | D:1      | Reached skill level 1 in Dodging
   268 | D:1      | Reached XP level 2. HP: 18/27 MP: 2/2
   461 | D:2      | Noticed Robin
   467 | D:2      | HP: 1/27 [hobgoblin[Robin] (1)]
   472 | D:2      | Slain by a goblin

Vault maps used:
D:1:      lemuel_arrival_lava_pool, st_stairs_5, item_on_display_a
D:2:      nicolae_overflow_crystal_walls, serial_glass, glass_columns_a,
          glass_columns_b, due_unseen_surprise, uniq_robin, uniq_sigmund

Action                   || total
-------------------------++-------
Melee: War axe           ||    32
